AoeStats
← Edu

Arabia

509531733Analyzed
2v2 RM · 4d ago on Sep 27, 2026· 56m 21s· 4 players
Game mode
Random Map
Map size
Medium (4 player)
Population
200
Speed
Normal
Resources
Standard
Victory
Conquest
Starting age
Dark Age
Ending age
Imperial Age
RankedLock teamsTeams togetherTeam positionsShared explorationLock speedFull tech treeHidden civsTurbo modeCheats
Victory
Defeat
🇺🇸 Gurjaras · United States
829
+13
🇲🇽 Bulgarians · Mexico
789
+14
🇨🇱 Ethiopians · Chile
776
-14
🇨🇱 Romans · Chile
734
-13
DarkKnight95604
0:26 Loom
11:03 Feudal Age
13:03 Double-Bit Axe
13:00 Horse Collar
22:26 Castle Age
23:14 Forging
23:05 Scale Mail Armor
23:11 Scale Barding Armor
22:57 Fletching
23:08 Padded Archer Armor
22:33 Elite Skirmisher
23:18 Husbandry
23:29 Bloodlines
22:39 Light Cavalry
23:11 Gambesons
24:01 Light Cavalry
29:04 Bow Saw
31:57 Iron Casting
31:40 Leather Archer Armor
33:01 Wheelbarrow
33:40 Chain Mail Armor
33:22 Bodkin Arrow
40:42 Imperial Age
39:16 Town Watch
41:32 Chain Barding Armor
41:10 Murder Holes
41:36 Ballistics
41:09 Guard Tower
42:12 Hand Cart
42:01 Heavy Plow
43:34 Conscription
43:11 Stirrups
44:45 Plate Mail Armor
45:06 Crop Rotation
45:49 Plate Barding Armor
45:07 Heated Shot
47:31 Blast Furnace
46:32 Bracer
46:46 Bagains
46:12 Hussar
46:24 Cavalier
47:29 Capped Ram
48:59 Keep
49:35 Chemistry
50:42 Elite Konnik
51:26 Heavy Cavalry Archer
akjamesm49
8:39 Loom
10:58 Feudal Age
14:39 Bloodlines
22:00 Castle Age
20:31 Scale Barding Armor
21:08 Horse Collar
24:35 Stone Mining
25:20 Forging
38:02 Chain Barding Armor
38:43 Murder Holes
38:32 Treadmill Crane
38:48 Murder Holes
40:49 Double-Bit Axe
42:29 Wheelbarrow
41:43 Town Watch
43:10 Fletching
43:21 Padded Archer Armor
47:25 Leather Archer Armor
47:06 Bodkin Arrow
50:31 Imperial Age
48:20 Thumb Ring
48:45 Ballistics
49:00 Elite Skirmisher
52:13 Chemistry
52:28 Gold Mining
54:27 Hand Cart
Choro Guts
0:27 Loom
12:25 Feudal Age
14:08 Horse Collar
20:52 Castle Age
19:02 Fletching
19:13 Padded Archer Armor
20:52 Double-Bit Axe
20:59 Crossbowman
21:44 Thumb Ring
22:16 Thumb Ring
24:39 Stone Mining
25:56 Ballistics
31:12 Bodkin Arrow
31:34 Leather Archer Armor
34:37 Wheelbarrow
38:14 Imperial Age
41:04 Imperial Age
39:42 Gold Mining
39:53 Town Watch
40:12 Heavy Plow
40:52 Stone Shaft Mining
42:20 Gold Shaft Mining
41:18 Arbalester
42:01 Bracer
42:32 Ring Archer Armor
43:09 Chemistry
43:35 Conscription
47:26 Elite Skirmisher
49:58 Murder Holes
51:32 Squires
54:02 Elite Shotel Warrior
54:45 Scale Mail Armor
54:55 Forging
Edu
12:26 Feudal Age
12:44 Man-at-Arms
13:08 Horse Collar
13:14 Double-Bit Axe
14:36 Wheelbarrow
19:41 Forging
19:32 Scale Mail Armor
27:17 Castle Age
27:22 Long Swordsman
28:03 Squires
28:57 Iron Casting
29:45 Chain Mail Armor
31:10 Stone Mining
31:11 Gold Mining
33:46 Gold Shaft Mining
34:18 Heavy Plow
34:36 Bow Saw
42:49 Hand Cart
44:33 Pikeman
54:03 Imperial Age
52:40 Caravan
54:21 Legionary
Connection lost

Rejoining the realm…

Still unreachable

The connection could not be restored.

Session expired

The server has moved on; the page needs a fresh start.